AoeStats
← Gonvalon10

QS Arena

503255670Analyzed
3v3 RM · 1mo ago on Aug 30, 2026· 55m 29s· 6 players
Game mode
Random Map
Map size
Normal (6 player)
Population
200
Speed
Normal
Resources
Standard
Victory
Conquest
Starting age
Dark Age
Ending age
Imperial Age
RankedLock teamsTeams togetherTeam positionsShared explorationLock speedFull tech treeHidden civsTurbo modeCheats
Victory
Defeat
🇹🇷 Persians · Türkiye
897
+16
🇹🇷 Georgians · Türkiye
891
+16
🇹🇷 Turks · Türkiye
891
+16
🇩🇪 Persians · Germany
912
-17
🇺🇦 Slavs · Ukraine
897
-16
🇨🇱 Teutons · Chile
866
-15
cCc_Shelby
3:35 Loom
8:07 Feudal Age
9:39 Double-Bit Axe
12:13 Horse Collar
16:08 Castle Age
17:16 Bow Saw
17:09 Heavy Plow
18:04 Husbandry
22:05 Bloodlines
23:50 Wheelbarrow
23:49 Gold Mining
24:51 Forging
24:46 Scale Barding Armor
26:16 Iron Casting
26:37 Chain Barding Armor
27:16 Hand Cart
26:46 Town Watch
32:26 Imperial Age
29:59 Town Patrol
30:32 Light Cavalry
32:55 Svan Towers
32:28 Cavalier
34:11 Blast Furnace
33:47 Plate Barding Armor
33:09 Hussar
34:44 Parthian Tactics
35:39 Aznauri Cavalry
35:56 Conscription
37:06 Guilds
36:59 Caravan
40:38 Ballistics
41:19 Chemistry
40:14 Fletching
40:24 Padded Archer Armor
45:49 Heavy Cavalry Archer
47:08 Bodkin Arrow
47:29 Leather Archer Armor
48:42 Bracer
49:12 Treadmill Crane
49:42 Masonry
49:28 Murder Holes
49:24 Guard Tower
49:37 Devotion
49:47 Redemption
49:57 Sanctity
55:09 Coinage
54:50 Guilds
çufçuf
2:29 Loom
7:14 Feudal Age
7:45 Double-Bit Axe
7:50 Horse Collar
16:34 Castle Age
15:01 Gold Mining
17:51 Heavy Plow
18:03 Bow Saw
18:30 Gold Shaft Mining
18:56 Wheelbarrow
19:00 Stone Mining
20:13 Hand Cart
22:29 Town Watch
23:52 Town Patrol
27:39 Fletching
27:49 Padded Archer Armor
28:46 Bodkin Arrow
32:19 Imperial Age
30:22 Caravan
31:25 Ballistics
32:32 Leather Archer Armor
32:30 Murder Holes
32:46 Masonry
32:50 Fortified Wall
34:20 Two-Man Saw
34:40 Bracer
35:11 Ring Archer Armor
35:17 Architecture
34:11 Elite Janissary
35:53 Artillery
36:14 Conscription
36:33 Hoardings
37:42 Guilds
Hasan Alpay
4:37 Loom
9:24 Feudal Age
14:03 Castle Age
12:28 Double-Bit Axe
12:53 Horse Collar
18:05 Heavy Plow
19:05 Wheelbarrow
21:10 Hand Cart
22:18 Scale Barding Armor
23:07 Bow Saw
22:51 Gold Mining
22:52 Stone Mining
24:31 Gold Shaft Mining
24:57 Town Watch
26:09 Stone Shaft Mining
26:08 Chain Barding Armor
29:34 Imperial Age
30:09 Forging
30:55 Bloodlines
30:47 Husbandry
30:08 Cavalier
31:53 Conscription
30:54 Elite War Elephant
34:25 Plate Barding Armor
34:26 Iron Casting
33:30 Savar
33:53 Capped Ram
46:38 Siege Ram
50:58 Two-Man Saw
50:30 Crop Rotation
51:10 Blast Furnace
55:14 Town Patrol
TuChilenitoMorenito
7:46 Feudal Age
8:24 Horse Collar
8:30 Double-Bit Axe
10:43 Wheelbarrow
10:42 Gold Mining
16:58 Castle Age
17:55 Bow Saw
17:50 Heavy Plow
19:03 Stone Mining
21:06 Stone Shaft Mining
22:25 Hand Cart
25:14 Ironclad
25:27 Town Watch
28:11 Ballistics
31:39 Imperial Age
30:18 Masonry
32:00 Squires
31:45 Arson
34:11 Chemistry
33:58 Conscription
33:17 Capped Ram
35:23 Crop Rotation
35:58 Two-Man Saw
37:36 Onager
41:01 Coinage
41:18 Caravan
41:15 Elite Teutonic Knight
43:23 Crenellations
44:25 Cavalier
48:13 Town Patrol
48:54 Hoardings
50:48 Paladin
Gonvalon10
1:16 Loom
9:42 Feudal Age
13:39 Castle Age
12:09 Town Watch
13:01 Horse Collar
14:09 Heavy Plow
14:51 Double-Bit Axe
27:43 Imperial Age
25:48 Wheelbarrow
25:30 Stone Mining
25:31 Gold Mining
25:49 Town Patrol
27:12 Stone Shaft Mining
27:36 Bow Saw
27:55 Hand Cart
27:36 Fletching
29:06 Chemistry
28:19 Crossbowman
29:05 Thumb Ring
30:36 Kamandaran
31:22 Conscription
31:20 Bodkin Arrow
31:29 Squires
33:33 Hoardings
33:25 Padded Archer Armor
33:27 Scale Mail Armor
35:26 Pikeman
35:52 Arson
38:09 Citadels
39:30 Forging
39:36 Chain Mail Armor
40:25 Block Printing
41:51 Crop Rotation
42:24 Two-Man Saw
42:00 Plate Mail Armor
41:49 Masonry
44:56 Iron Casting
44:37 Leather Archer Armor
46:03 Gold Shaft Mining
45:24 Halberdier
d_j_D_F
0:44 Loom
9:04 Feudal Age
9:49 Town Watch
10:39 Double-Bit Axe
10:54 Horse Collar
17:44 Castle Age
16:36 Stone Mining
18:04 Gold Mining
20:03 Bow Saw
20:33 Fletching
21:19 Ballistics
22:20 Gold Shaft Mining
23:23 Forging
23:42 Squires
23:47 Detinets
24:47 Heavy Plow
25:38 Pikeman
27:08 Wheelbarrow
28:49 Hand Cart
28:37 Town Patrol
28:50 Masonry
28:57 Murder Holes
30:36 Fortified Wall
34:41 Imperial Age
35:39 Siege Engineers
36:35 Chemistry
36:19 Hoardings
37:39 Two-Man Saw
36:50 Capped Ram
43:19 Bloodlines
42:29 Light Cavalry
43:10 Husbandry
44:05 Crop Rotation
44:10 Caravan
43:49 Halberdier
Connection lost

Rejoining the realm…

Still unreachable

The connection could not be restored.

Session expired

The server has moved on; the page needs a fresh start.